 Dungeon Crawl Stone Soup version 0.23.2-1-ga50397a (webtiles) character file.

Game seed: 4757519450417926489

79 Magicfruit the Conjurer (level 4, -6/24 HPs)
             Began as a Deep Elf Conjurer on May 25, 2019.
             Was an Initiate of Sif Muna.
             Mangled by a worm (11 damage)
             ... on level 3 of the Dungeon.
             The game lasted 00:11:53 (1997 turns).

Magicfruit the Conjurer (Deep Elf Conjurer)         Turns: 1997, Time: 00:11:54

Health: -6/24      AC:  3    Str:  5    XL:     4   Next: 17%
Magic:  1/11       EV: 15    Int: 21    God:    Sif Muna [......]
Gold:   125        SH:  0    Dex: 15    Spells: 7/10 levels left

rFire    . . .     SeeInvis .   b - +0 short sword
rCold    . . .     Gourm    .   (no shield)
rNeg     . . .     Faith    .   a - +1 robe
rPois    .         Spirit   .   (no helmet)
rElec    .         Reflect  .   (no cloak)
rCorr    .         Harm     .   (no gloves)
MR       .....                  (no boots)
Stlth    ++........             (no amulet)
HPRegen  0.08/turn              g - +2 ring of evasion
MPRegen  0.12/turn              (no ring)

@: no status effects
A: no striking features
a: Renounce Religion


You were on level 3 of the Dungeon.
You worshipped Sif Muna.
Sif Muna was noncommittal.
You were not hungry.

You visited 1 branch of the dungeon, and saw 3 of its levels.

You collected 125 gold pieces.

Inventory:

Hand Weapons
 b - a +0 short sword (weapon)
Missiles
 f - a throwing net (quivered)
Armour
 a - a +1 robe (worn)
Jewellery
 g - a +2 ring of evasion (left hand)
Potions
 d - a potion of lignification
Comestibles
 c - a ration


   Skills:
 + Level 2.9 Dodging
 + Level 2.6 Stealth
 + Level 3.8 Spellcasting
 + Level 5.6 Conjurations


You had 7 spell levels left.
You knew the following spells:

 Your Spells              Type           Power        Failure   Level  Hunger
a - Magic Dart            Conj           ####         1%          1    None
b - Searing Ray           Conj           ####..       1%          2    #......

Your spell library contained the following spells:

 Spells                   Type           Power        Failure   Level  Hunger
 Dazzling Spray           Conj/Hex       ###...       12%         3    ###....
 Iskenderun's Mystic Bla  Conj           ####....     12%         4    ####...
 Force Lance              Conj/Tloc      ###.....     36%         4    ####...
 Fulminant Prism          Conj/Hex       ###.......   36%         4    ####...


Dungeon Overview and Level Annotations

Branches:
Dungeon (3/15)

Altars:
Fedhas
Ru
Sif Muna
Trog
Wu Jian
Zin


Message History

The jackal is heavily wounded.
The jackal misses you.
You hit the jackal.
You kill the jackal!
Sif Muna accepts your kill.
You hit the orc but do no damage.
The orc is moderately wounded.
The orc hits you with a +0 mace. The worm misses you.
Casting: Searing Ray (safe; 1% risk of failure)
Confirm with . or Enter, or press ? or * to list all spells.
You don't have enough magic to cast that spell.
You hit the orc.
The orc is heavily wounded.
The orc hits you with a +0 mace.
* * * LOW HITPOINT WARNING * * *
You hit the orc.
You kill the orc!
Sif Muna accepts your kill. The worm bites you!
You die...

...........#.
.....###...<†..#.
...............#. .
..............#. ..
.....##.......#. ..#
#..............# ..
#(..............
#.###.......####.##)
#.w@)..###..####..##
######.#..........##
#..............
##.............
##............
#..........#.
#..........#.
#..........##
#..........#


You could see a worm.

Vanquished Creatures
  2 adders (D:2)
  3 worms
  A dart slug (D:2)
  3 orcs (D:3)
  2 ball pythons
  6 bats
  A giant cockroach (D:1)
  7 goblins
  8 hobgoblins
  2 jackals (D:3)
  4 kobolds
  A quokka (D:2)
  4 rats
44 creatures vanquished.

Notes
Turn   | Place    | Note
-------+----------+-------------------------------------------
     0 | D:1      | Magicfruit the Deep Elf Conjurer began the quest for the
                  | Orb.
     0 | D:1      | Reached XP level 1. HP: 10/10 MP: 6/6
   227 | D:1      | Reached XP level 2. HP: 15/15 MP: 4/8
   283 | D:1      | Learned a level 2 spell: Searing Ray
   433 | D:1      | Reached skill level 5 in Conjurations
   752 | D:2      | Reached XP level 3. HP: 8/19 MP: 1/9
  1084 | D:2      | Found a blossoming altar of Fedhas.
  1233 | D:2      | Found a deep blue altar of Sif Muna.
  1233 | D:2      | Found an ornate altar of the Wu Jian Council.
  1235 | D:2      | Found a sacrificial altar of Ru.
  1237 | D:2      | Found a bloodstained altar of Trog.
  1237 | D:2      | Found a glowing silver altar of Zin.
  1266 | D:2      | Became a worshipper of Sif Muna the Loreminder
  1908 | D:3      | Reached XP level 4. HP: 17/24 MP: 5/11
  1997 | D:3      | Mangled by a worm

Skill      XL: |  1  2 |
---------------+-------+-----
Conjurations   | 5 |  5.6
Dodging        | |  2.9
Stealth        | |  2.6
Spellcasting   | |  3.8

Action                   |  1- 3 |  4- 6 || total
-------------------------+-------+-------++-------
Melee: Short sword       |     4 |    15 ||    19
 Cast: Magic Dart        |    84 |    10 ||    94
       Searing Ray       |       |     2 ||     2
  Use: Scroll            |     6 |       ||     6
       Potion            |     2 |     1 ||     3
  Eat: Ration            |     1 |       ||     1
Armor: Robe              |     3 |     5 ||     8
Dodge: Dodged            |    14 |    22 ||    36
